 Dungeon Crawl Stone Soup version 0.18.1-48-g4cf74bf (webtiles) character file.

1736 Heedrag the Thaumaturge (level 8, -6/41 HPs)
             Began as a Deep Elf Conjurer on July 27, 2016.
             Was a Follower of Vehumet.
             Mangled by a wyvern zombie (11 damage)
             ... on level 7 of the Dungeon.
             The game lasted 00:18:49 (6759 turns).

Heedrag the Thaumaturge (Deep Elf Conjurer)         Turns: 6759, Time: 00:18:50

Health: -6/41      AC:  9    Str: 11    XL:     8   Next: 76%
Magic:  23/26      EV: 13    Int: 21    God:    Vehumet [*.....]
Gold:   307        SH:  0    Dex: 15    Spells: 4 memorised, 19 levels left

rFire  . . .     SeeInvis .     K - +5 war axe of Liaret {freeze, +Blink +Rage rElec Str+4}
rCold  . . .     Gourm    .     a - +0 robe
rNeg   . . .     Faith    .     (no shield)
rPois  +         Spirit   .     (no helmet)
rElec  +         Dismiss  .     D - +0 cloak
rCorr  .         Reflect  .     (no gloves)
SustAt .         Harm     .     s - +0 pair of boots
MR     .....                    A - amulet of regeneration
Stlth  ++........               u - ring of poison resistance
                                r - +5 ring of protection

@: not resistant to hostile enchantments, unstealthy
A: no striking features
a: Renounce Religion, Evoke Blink, Evoke Berserk Rage


You were on level 7 of the Dungeon.
You worshipped Vehumet.
Vehumet was aware of your devotion.
You were not hungry.

You visited 2 branches of the dungeon, and saw 8 of its levels.

You collected 307 gold pieces.

Inventory:

Hand Weapons
 h - a +1 dagger of electrocution
 K - the +5 war axe of Liaret (weapon) {freeze, +Blink +Rage rElec Str+4}
   (You found it on level 6 of the Dungeon)

   It has been specially enchanted to freeze those struck by it, causing extra
   injury to most foes and up to half again as much damage against particularly
   susceptible opponents.
   It can also slow down cold-blooded creatures.
   It affects your strength (+4).
   It insulates you from electricity.
   It lets you blink.
   It lets you go berserk.
Missiles
 i - 3 curare-tipped needles
Armour
 a - a +0 robe (worn)
 k - a +0 pair of boots
 s - a +0 pair of boots (worn)
 D - a +0 cloak (worn)
Jewellery
 p - an uncursed amulet of dismissal
 r - a +5 ring of protection (left hand)
 u - a ring of poison resistance (right hand)
 A - an amulet of regeneration (around neck)
 G - a +2 ring of dexterity {unknown}
Wands
 m - a wand of teleportation (5/9)
 o - a wand of random effects (28/48)
 x - a wand of lightning (8/15)
 z - a wand of iceblast (6/15)
Scrolls
 e - 2 scrolls of immolation
 t - a scroll of blinking
 y - 3 scrolls of remove curse
 E - a scroll of recharging {unknown}
 F - a scroll of amnesia {unknown}
 H - a scroll of silence {unknown}
 J - 3 scrolls of enchant armour {unknown}
Potions
 d - a potion of ambrosia {unknown}
 f - a potion of resistance {unknown}
 g - 2 potions of brilliance {unknown}
 j - 2 potions of heal wounds
 l - 2 potions of flight {unknown}
 q - a potion of might {unknown}
 w - 3 potions of curing {unknown}
 I - a potion of cure mutation {unknown}
Books
 b - a book of Conjurations

   Spells                             Type                      Level
   a - Magic Dart                     Conjuration                  1
   b - Searing Ray                    Conjuration                  2
   c - Dazzling Spray                 Conjuration/Hexes            3
   d - Fulminant Prism                Conjuration/Hexes            4
   e - Iskenderun's Mystic Blast      Conjuration                  4
   f - Iskenderun's Battlesphere      Conjuration/Charms           5
Comestibles
 c - 3 bread rations
 n - 2 beef jerkies
 B - 2 meat rations
 C - 8 fruits


   Skills:
 - Level 2.4 Dodging
 - Level 2.4 Stealth
 * Level 12.5 Spellcasting
 + Level 7.7 Conjurations


You had 19 spell levels left.
You knew the following spells:

 Your Spells              Type           Power        Failure   Level  Hunger
a - Magic Dart            Conj           ####         1%          1    None
b - Dazzling Spray        Conj/Hex       ####..       2%          3    None
c - Iskenderun's Mystic   Conj           #####...     2%          4    None
d - Iskenderun's Battles  Conj/Chrm      ####....     28%         5    ####...


Dungeon Overview and Level Annotations

Branches:
Dungeon (7/15)             Temple (1/1) D:4

Altars:
Ashenzari
Cheibriados
Dithmenos
Elyvilon
Fedhas
Gozag
Kikubaaqudgha
Makhleb
Nemelex Xobeh
Qazlal
Ru
Sif Muna
Vehumet
Xom
Yredelemnul
Zin

Shops:
D:4 =*   D:7 (

Annotations:
D:6 TBriggs11TB's ghost, novice DsBe


Message History

Tha magic dart hits tha wyvern zombie.
Castin': Magic Dart Confirm wit' . or Enter, or press ? or * ta list all spells.
Aimin': Magic Dart
Press: ? - help, Shift-Dir - straight line, f/p - wyvern zombie
Aim: a wyvern zombie Tha magic dart hits tha wyvern zombie.
Castin': Magic Dart Confirm wit' . or Enter, or press ? or * ta list all spells.
Aimin': Magic Dart
Press: ? - help, Shift-Dir - straight line, f/p - wyvern zombie
Aim: a wyvern zombie Tha magic dart hits tha wyvern zombie.
Ye barely miss tha wyvern zombie.
Tha wyvern zombie misses ye.
Tha wyvern zombie bites ye!
Ye hit tha wyvern zombie.
Tha wyvern zombie bites ye! x2
* * * LOW HITPOINT WARNIN'
* * * Ye barely miss tha wyvern zombie.
Tha wyvern zombie closely misses ye.
Tha wyvern zombie bites ye!
Ye die...

....#............#.# #.# #.
....#####.#.####.#.# #)#########.
....#####.#......#'###........##.
####................#########.##.
...+................# #.##.
####.....#######....# ##)##'
...#.....# #....# #.....
...#.##### #.#'## #..... ...#.#
#@#.# #..).) .....# #Z#.# #.....
###### #.#.# #..... #.#.# #.....
#.#.# #..... #.#.# #..... #.#.#
#..... #.# #..... ######


You could see a wyvern zombie.

Vanquished Creatures
  Sigmund (D:2)
  2 sky beasts (D:5)
  An ice beast (D:5)
  3 ogres
  2 centaurs (D:5)
  2 giant frogs
  A scorpion (D:5)
  A crimson imp (D:5)
  2 hounds
  A jelly (D:5)
  3 orc priests
  Terence (D:3)
  4 orc wizards
  4 worker ants
  2 iguanas
  A hound skeleton (D:5)
  6 adders
  3 gnolls (D:4)
  A shadow imp (D:5)
  A worm (D:2)
  2 dart slugs
  2 giant geckos (D:2)
  12 orcs
  4 giant cockroaches
  11 goblins
  10 hobgoblins
  9 jackals
  4 quokkas
  3 ball pythons
  11 bats
  A giant gecko skeleton (D:4)
  4 giant newts
  10 kobolds
  7 rats
  2 plants (D:1)
134 creatures vanquished.

Notes
Turn   | Place    | Note
--------------------------------------------------------------
     0 | D:1      | Heedrag the Deep Elf Conjurer began the quest for the Orb.
     0 | D:1      | Reached XP level 1. HP: 10/10 MP: 6/6
   237 | D:1      | Reached XP level 2. HP: 15/15 MP: 4/8
   240 | D:1      | Reached skill level 4 in Spellcasting
   752 | D:1      | Reached XP level 3. HP: 19/19 MP: 8/11
   757 | D:1      | Learned a level 3 spell: Dazzling Spray
   908 | D:1      | Reached skill level 5 in Spellcasting
  1477 | D:2      | Noticed Sigmund
  1513 | D:3      | Reached skill level 6 in Spellcasting
  1513 | D:3      | Reached XP level 4. HP: 8/24 MP: 2/14
  1904 | D:3      | Learned a level 4 spell: Iskenderun's Mystic Blast
  2032 | D:3      | Noticed Terence
  2039 | D:3      | Killed Terence
  2039 | D:3      | Reached skill level 7 in Spellcasting
  2039 | D:3      | Reached XP level 5. HP: 28/28 MP: 2/16
  2153 | D:3      | Found a faded altar to an unknown god.
  2649 | D:4      | Found Caudgh's Jewellery Boutique.
  2951 | D:4      | Reached skill level 5 in Conjurations
  3072 | D:4      | Reached XP level 6. HP: 32/32 MP: 12/18
  3159 | D:4      | Reached skill level 8 in Spellcasting
  3306 | D:4      | Found Uqeys's Assorted Antiques.
  3323 | D:4      | Found a staircase to the Ecumenical Temple.
  3346 | Temple   | Entered the Ecumenical Temple
  3372 | Temple   | Became a worshipper of Vehumet
  3901 | D:2      | Found a shattered altar of Ashenzari.
  4414 | D:5      | Entered Level 5 of the Dungeon
  4451 | D:5      | Noticed a sky beast
  4457 | D:5      | Reached skill level 9 in Spellcasting
  4511 | D:5      | Killed a sky beast
  4511 | D:5      | Reached XP level 7. HP: 36/36 MP: 13/21
  4752 | D:5      | Reached skill level 10 in Spellcasting
  4891 | D:5      | Learned a level 5 spell: Iskenderun's Battlesphere
  5244 | D:5      | Reached skill level 11 in Spellcasting
  5244 | D:5      | Reached XP level 8. HP: 32/41 MP: 20/25
  5343 | D:6      | Noticed TBriggs11TB's ghost (novice DsBe)
  5506 | D:6      | Found a sacrificial altar of Ru.
  5720 | D:2      | Killed Sigmund
  5731 | D:2      | Reached * piety under Vehumet
  5731 | D:2      | Offered knowledge of Sandblast by Vehumet.
  5983 | D:6      | Found a glowing silver altar of Zin.
  5985 | D:6      | Found a white marble altar of Elyvilon.
  5987 | D:6      | Found an ancient bone altar of Kikubaaqudgha.
  6006 | D:6      | Got a dazzling war axe
  6240 | D:6      | Reached skill level 12 in Spellcasting
  6246 | D:6      | You fall through a shaft!
  6268 | D:7      | Identified the +5 war axe of Liaret {freeze, +Blink +Rage rElec Str+4} (You found it on level 6 of the Dungeon)
  6377 | D:7      | Found Feenup's Weapon Emporium.
  6642 | D:7      | Found a burning altar of Makhleb.
  6759 | D:7      | Mangled by a wyvern zombie

Skill      XL: |  1  2  3  4  5  6  7  8 |
---------------+-------------------------+-----
Spellcasting   | 4 6 7 9 11 12 | 12.5
Conjurations   | 5 6 7 |  7.7
Dodging        | |  2.4
Stealth        | |  2.4

Action                   |  1- 3 |  4- 6 |  7- 9 || total
-------------------------+-------+-------+-------++-------
Melee: Unarmed           |     6 |       |       ||     6
       Dagger            |    28 |     3 |       ||    31
       Hand axe          |       |     3 |     3 ||     6
       War axe           |       |       |    17 ||    17
 Cast: Magic Dart        |    74 |   134 |   122 ||   330
       Dazzling Spray    |     2 |    19 |    21 ||    42
       Iskenderun's Myst |       |       |    10 ||    10
  Use: Scroll            |       |     3 |     3 ||     6
  Eat: Chunk             |     2 |     9 |     7 ||    18
Armor: Robe              |     3 |     4 |    20 ||    27
Dodge: Dodged            |     6 |    23 |    38 ||    67
